 Dungeon Crawl Stone Soup version 0.24-a0-282-g1a68c911f0 (webtiles) character file.

Game seed: 2103295447664617466

3064 Roikka the Blocker (level 9, 0/71 HPs)
             Began as a Demonspawn Fighter on May 3, 2019.
             Was a Believer of Wu Jian.
             Slain by an orc warrior
             ... wielding a cursed -1 dire flail
              (20 damage)
             ... on level 8 of the Dungeon.
             The game lasted 00:23:09 (8199 turns).

Roikka the Blocker (Demonspawn Fighter)             Turns: 8199, Time: 00:23:09

Health: 0/71       AC: 13    Str: 20    XL:     9   Next: 57%
Magic:  20/20      EV:  6    Int:  9    God:    Wu Jian [**....]
Gold:   426        SH: 11    Dex: 16    Spells: 8/10 levels left

rFire    + . .     SeeInvis .   e - +0 morningstar
rCold    + . .     Gourm    .   c - +0 shield
rNeg     . . .     Faith    .   A - +0 plate armour
rPois    .         Spirit   .   v - +0 helmet
rElec    .         Reflect  .   o - scarf {rC+ rF+}
rCorr    .         Harm     .   B - +0 pair of fencer's gloves {Riposte Dex+3}
MR       .....                  (no boots)
Stlth    ..........             b - amulet of rage
HPRegen  0.21/turn              d - ring of magical power
MPRegen  0.17/turn              (no ring)

@: no status effects
A: demonic guardian 1, spiny 1, sturdy frame 2
a: Wall Jump, Renounce Religion, Evoke Berserk Rage


You were on level 8 of the Dungeon.
You worshipped Wu Jian.
Wu Jian was pleased with you.
You were not hungry.

You visited 2 branches of the dungeon, and saw 9 of its levels.

You collected 426 gold pieces.

Inventory:

Hand Weapons
 a - a +1 flail
 e - a +0 morningstar (weapon)
Missiles
 j - a throwing net
 y - 7 tomahawks (quivered)
Armour
 c - a +0 shield (worn)
 o - a scarf of resistance (worn)
 v - a +0 helmet (worn)
 A - a +0 plate armour (worn)
 B - the +0 pair of fencer's gloves (worn) {Riposte Dex+3}
   (You found it on level 6 of the Dungeon)

   It affects your dexterity (+3).
Jewellery
 b - an amulet of rage (around neck)
 d - a ring of magical power (left hand)
 w - a +3 ring of intelligence {unknown}
Wands
 z - a wand of acid (15)
Scrolls
 g - a scroll of enchant armour {unknown}
 h - 4 scrolls of identify
 i - 2 scrolls of teleportation
 l - 3 scrolls of noise
 m - 2 scrolls of magic mapping
 q - 3 scrolls of enchant weapon
 r - 2 scrolls of fog
 t - 2 scrolls of remove curse
 D - a scroll of fear {unknown}
Potions
 k - a potion of flight {unknown}
 n - 2 potions of resistance {unknown}
 p - 2 potions of magic {unknown}
 s - 4 potions of heal wounds {unknown}
 u - 2 potions of agility {unknown}
 x - a potion of mutation {unknown}
 C - a potion of curing {unknown}
Comestibles
 f - 15 rations
 E - 5 chunks of flesh


   Skills:
 + Level 6.6 Fighting
 * Level 7.8 Maces & Flails
 - Level 2.6 Armour
 * Level 8.0 Shields
 + Level 1.4 Spellcasting
 - Level 2.0 Translocations


You had 8 spell levels left.
You knew the following spells:

 Your Spells              Type           Power        Failure   Level  Hunger
a - Blink                 Tloc           N/A          99%         2    ###....

Your spell library contained the following spells:

 Spells                   Type           Power        Failure   Level  Hunger
 Beastly Appendage        Tmut           #.....       100%        1    ##.....
 Magic Dart               Conj           #...         100%        1    ##.....
 Call Imp                 Summ           #.......     100%        2    ###....
 Slow                     Hex            #.......     100%        2    ###....
 Sticks to Snakes         Tmut           #.......     100%        2    ###....
 Conjure Flame            Conj/Fire      #.......     100%        3    ####...
 Mephitic Cloud           Conj/Pois/Air  #.......     100%        3    ####...
 Spider Form              Tmut/Pois      #.........   100%        3    ####...
 Ice Form                 Ice/Tmut       #.......     100%        4    #####..
 Blade Hands              Tmut           #.........   100%        5    ######.


Dungeon Overview and Level Annotations

Branches:
Dungeon (8/15)             Temple (1/1) D:6
   Lair: D:8-11

Altars:
Ashenzari
Dithmenos
Elyvilon
Fedhas
Gozag
Hepliaklqana
Kikubaaqudgha
Makhleb
Nemelex Xobeh
Okawaru
Qazlal
Ru
Trog
Uskayaw
Vehumet
Wu Jian
Xom
Zin

Shops:
D:8 *

Annotations:
D:4 1 runed translucent door, Yosebu's ghost, amateur HuMo


Innate Abilities, Weirdness & Mutations

A weak demonic guardian rushes to your aid.
You are partially covered in sharp spines.
Your movements are less encumbered by armour. (ER -4)


Message History

Your iron imp hits the orc warrior.
You block the orc warrior's attack.
Your shadow imp misses the orc warrior.
You spin and attack the orc warrior.
You closely miss the orc warrior.
The orc warrior is moderately wounded.
Your iron imp barely misses the orc warrior.
The orc warrior is struck by your spines.
The orc warrior hits you but does no damage.
Your shadow imp hits the orc warrior.
You spin and attack the orc warrior.
You barely miss the orc warrior.
The orc warrior is moderately wounded.
Your shadow imp hits the orc warrior but does no damage.
You spin to attack the orc warrior, but your attack speed is too slow for a blow to land.
You block the orc warrior's attack.
Your iron imp barely misses the orc warrior.
Your shadow imp hits the orc warrior but does no damage.
You spin and attack the orc warrior.
You puncture the orc warrior!
The orc warrior is severely wounded.
The orc warrior is struck by your spines.
The orc warrior hits you with a cursed -1 dire flail!!
You die...

<.........######...# #####.#.
#.#.......# #...# #.....##
#.#.##..#.# #...# #.###.##
#.#.##..#.# #...#######.###.##
#.#.##..#.# #...##.......#..#5
#.#.###.#.######...##.####..#.##.
#.#.###.#..........).)......#.###
..#..............o5..†..........#
#######.#.......@.5)))....#.#....
# ####.######.#...#>.##.##.#....
# #....# #.#...#..^..........
#....# ##.#...#.######.#....
####...## #......#.# #.#....
......## ##..#..)#.# #.#....
♣.#...# ##8..8##...# #.#####
......#####⌠....##)### #>.....
♣.♣.#.....###..###[##############


You could see an orc warrior (pinned), a friendly iron imp and a friendly shadow
imp.

Vanquished Creatures
  Prince Ribbit (D:6)
  A hippogriff (D:8)
  A wyvern (D:8)
  Menkaure (D:7)
  A water moccasin (D:8)
  4 ice beasts
  4 orc warriors (D:8)
  3 ogres
  2 big kobolds (D:7)
  A bullfrog (D:6)
  2 scorpions
  3 crimson imps
  A hound (D:8)
  4 orc priests
  3 bullfrog skeletons (D:5)
  2 iguanas (D:4)
  5 orc wizards (D:7)
  A statue (D:4)
  A hound zombie (D:6)
  A hound skeleton (D:7)
  A howler monkey skeleton (D:6)
  9 adders
  3 shadow imps
  8 worms
  A dart slug (D:2)
  3 leopard geckos
  28 orcs
  2 ball pythons
  10 giant cockroaches
  7 goblins
  10 hobgoblins
  8 jackals
  12 kobolds
  2 quokkas
  8 bats
  8 frilled lizards
  A jackal skeleton (D:4)
  6 rats
169 creatures vanquished.

Vanquished Creatures (collateral kills)
  A water moccasin (D:8)
  A black bear (D:8)
  2 orc warriors (D:8)
  A crimson imp (D:7)
  4 orcs
  A jackal (D:8)
  5 kobolds (D:7)
15 creatures vanquished.

Grand Total: 184 creatures vanquished

Notes
Turn   | Place    | Note
-------+----------+-------------------------------------------
     0 | D:1      | Roikka the Demonspawn Fighter began the quest for the Orb.
     0 | D:1      | Reached XP level 1. HP: 18/18 MP: 1/1
   222 | D:1      | Gained mutation: Your movements are slightly less
                  | encumbered by armour. (ER -2) [demonic ancestry]
   222 | D:1      | Reached XP level 2. HP: 24/24 MP: 2/2
   299 | D:1      | Reached skill level 3 in Shields
   649 | D:1      | Reached XP level 3. HP: 27/29 MP: 3/3
   653 | D:1      | You fall through a shaft!
  1559 | D:2      | Gained mutation: Your movements are less encumbered by
                  | armour. (ER -4) [demonic ancestry]
  1559 | D:2      | Reached XP level 4. HP: 29/35 MP: 4/4
  2500 | D:4      | Found a shattered altar of Ashenzari.
  2659 | D:4      | Found a runed translucent door.
  2659 | D:4      | Noticed a bullfrog
  2668 | D:4      | Noticed Yosebu's ghost (amateur HuMo)
  2700 | D:4      | Gained mutation: You are partially covered in sharp spines.
                  | [demonic ancestry]
  2700 | D:4      | Reached XP level 5. HP: 26/42 MP: 5/5
  2882 | D:4      | Found a radiant altar of Vehumet.
  2882 | D:4      | Noticed a frost-covered statue
  2897 | D:4      | Killed a frost-covered statue
  2897 | D:4      | Reached skill level 4 in Shields
  3075 | D:4      | Found a sacrificial altar of Ru.
  3149 | D:5      | Entered Level 5 of the Dungeon
  3334 | D:5      | Noticed an ogre
  3370 | D:4      | Killed an ogre
  3370 | D:4      | Reached XP level 6. HP: 47/48 MP: 6/6
  3508 | D:5      | Noticed an ice beast
  3532 | D:5      | Killed an ice beast
  3730 | D:5      | Reached skill level 5 in Shields
  3730 | D:5      | Reached XP level 7. HP: 49/55 MP: 7/7
  3779 | D:5      | Found a shadowy altar of Dithmenos.
  3779 | D:5      | Found a glowing silver altar of Zin.
  4028 | D:6      | Found a staircase to the Ecumenical Temple.
  4061 | Temple   | Entered the Ecumenical Temple
  4069 | Temple   | Became a worshipper of the Wu Jian Council
  4129 | D:6      | Reached skill level 5 in Maces & Flails
  4364 | D:6      | Found a hide-covered altar of Uskayaw.
  4525 | D:6      | Found the +0 pair of fencer's gloves {Riposte Dex+3}
  4596 | D:6      | Found a shimmering altar of Xom.
  4610 | D:6      | Reached skill level 5 in Fighting
  4942 | D:6      | Noticed Prince Ribbit
  4953 | D:6      | Killed Prince Ribbit
  4953 | D:6      | Reached skill level 6 in Shields
  4953 | D:6      | Gained mutation: A weak demonic guardian rushes to your
                  | aid. [demonic ancestry]
  4953 | D:6      | Reached XP level 8. HP: 12/62 MP: 8/8
  5451 | D:7      | Found a bloodstained altar of Trog.
  5498 | D:7      | Noticed Menkaure
  5506 | D:7      | Killed Menkaure
  6107 | D:7      | Reached * piety under Wu Jian
  6396 | D:7      | Reached skill level 7 in Shields
  6569 | D:8      | Learned a level 2 spell: Blink
  6616 | D:8      | Found a blossoming altar of Fedhas.
  6625 | D:8      | Reached XP level 9. HP: 48/69 MP: 9/9
  6692 | D:8      | Found an ancient bone altar of Kikubaaqudgha.
  6695 | D:8      | Found an opulent altar of Gozag.
  6715 | D:8      | Reached skill level 1 in Translocations
  6776 | D:8      | Found an iron altar of Okawaru.
  7210 | D:8      | Found Voym's Serpentskin Sales.
  7681 | D:8      | Reached ** piety under Wu Jian
  8129 | D:8      | Reached skill level 1 in Spellcasting
  8135 | D:8      | Reached skill level 8 in Shields
  8199 | D:8      | Slain by an orc warrior

Levels and vault maps discovered:
D:1:      dpeg_arrival_three_same_balls, layout_basic
D:2:      layout_rooms, first_ration, kennysheep_generic_room_5
D:3:      layout_rooms, minmay_cut_off
D:4:      layout_rooms, cheibrodos_ashenzari_chains, kennysheep_mini_moat,
          vehumet_statue, ebering_ghost_sewer_d
D:5:      layout_rooms, amethyst_overflow_temple_binary
D:6:      layout_basic, nicolae_overflow_hidden_temple,
          minmay_temple_entry_tees, basic_altar, minmay_misc_feat_roman,
          chequers_jeans, uniq_prince_ribbit1
D:7:      layout_gridville, bloody_trog, grunt_ministairs_4, grunt_ogre_cave,
          uniq_menkaure
D:8:      layout_loops_cross, marbit_many_paths, minitemple, okawaru_trees_1,
          special_room [special_room_orc], guppyfry_shop_venom
Temple:   eino_temple_lava

Skill      XL: |  1  2  3  4  5  6  7  8  9 |
---------------+----------------------------+-----
Maces & Flails | 2 3 4 5 7 |  7.8
Shields        | 3 4 5 6 7 8 |  8.0
Fighting       | 4 5 6 |  6.6
Translocations | 2 |  2.0
Spellcasting   | 1 |  1.4
Armour         | |  2.6

Action                   |  1- 3 |  4- 6 |  7- 9 || total
-------------------------+-------+-------+-------++-------
Melee: Flail             |   192 |   198 |   218 ||   608
       Morningstar       |       |       |    79 ||    79
Throw: Tomahawk          |    15 |    15 |     4 ||    34
Invok: Lunge             |       |       |    21 ||    21
       Whirlwind         |       |       |    53 ||    53
  Use: Potion            |       |       |     1 ||     1
       Scroll            |       |       |    13 ||    13
 Stab: Distracted        |       |       |     2 ||     2
  Eat: Chunk             |     2 |     7 |     6 ||    15
       Ration            |       |       |     3 ||     3
Armor: Chain mail        |   125 |    89 |    52 ||   266
       Scale mail        |     3 |       |       ||     3
       Plate armour      |       |       |    31 ||    31
Dodge: Dodged            |    52 |    44 |    46 ||   142
Block: Shield            |   113 |   113 |   131 ||   357
       Rpst.: Flail      |       |       |    11 ||    11
       Morningstar       |       |       |     3 ||     3

Table legend:
 A = Non-vault XP
 B = Vault XP
 C = Vault XP percentage of total XP
 D = Non-vault monster count
 E = Vault monster count
 F = Vault count percentage of total count
                 A         B        C        D         E       F
            +---------+---------+-------+---------+---------+-------
      Total |    3059 |    1319 |  30.1 |     152 |      32 |  17.4
            +---------+---------+-------+---------+---------+-------
        D:1 |      44 |       0 |   0.0 |      26 |       0 |   0.0
        D:2 |      57 |       2 |   3.4 |      24 |       1 |   4.0
        D:3 |      48 |       3 |   5.9 |      23 |       2 |   8.0
        D:4 |     219 |      32 |  12.7 |       8 |       1 |  11.1
        D:5 |     383 |       0 |   0.0 |      11 |       0 |   0.0
        D:6 |     495 |     255 |  34.0 |      12 |       1 |   7.7
        D:7 |     629 |     266 |  29.7 |      29 |       3 |   9.4
        D:8 |    1184 |     761 |  39.1 |      19 |      24 |  55.8
            +---------+---------+-------+---------+---------+-------
